 Dungeon Crawl Stone Soup version 0.18-a0-1745-gffa9a88 (webtiles) character file.

41 MrRokkomies the Skirmisher (level 3, 0/24 HPs)
             Began as a Kobold Abyssal Knight on Apr 12, 2016.
             Was a Believer of Lugonu.
             Killed from afar by Natasha (5 damage)
             ... with a magic dart
             ... on level 2 of the Dungeon.
             The game lasted 00:03:09 (1751 turns).

MrRokkomies the Skirmisher (Kobold Abyssal Knight)  Turns: 1751, Time: 00:03:10

Health: 0/24       AC:  5    Str: 10    XL:     3   Next: 75%
Magic:  4/4        EV: 13    Int: 11    God:    Lugonu [**....]
Gold:   119        SH:  0    Dex: 15    Spells: 0 memorised, 2 levels left

rFire  . . .     SeeInvis .     a - +1 short sword
rCold  . . .     Gourm    .     i - +0 ring mail (curse)
rNeg   . . .     Faith    .     (shield restricted)
rPois  .         Spirit   .     (no helmet)
rElec  .         Dismiss  .     (no cloak)
rCorr  .         Reflect  .     (no gloves)
SustAt .         Harm     .     (no boots)
MR     .....                    (no amulet)
Stlth  +.........               (no ring)
                                (no ring)

@: slowed, very slow, not resistant to hostile enchantments, very unstealthy
A: carnivore 3
a: Depart the Abyss, Bend Space, Renounce Religion


You were on level 2 of the Dungeon.
You worshipped Lugonu.
Lugonu was pleased with you.
You were not hungry.

You visited 1 branch of the dungeon, and saw 2 of its levels.
You visited the Abyss 1 time.

You collected 119 gold pieces.

Inventory:

Hand Weapons
 a - a +1 short sword (weapon)
Missiles
 e - 21 sling bullets
Armour
 i - a cursed +0 ring mail (worn)
Scrolls
 f - a scroll of remove curse {unknown}
 h - a scroll of random uselessness {unknown}
 k - a scroll of enchant armour {unknown}
 o - a scroll of noise {unknown}
 q - 2 scrolls of fog {unknown}
 r - a scroll of magic mapping {unknown}
 s - a scroll of identify {unknown}
Potions
 b - a potion of brilliance {unknown}
 d - 2 potions of agility {unknown}
 g - a potion of cancellation {unknown}
 j - a potion of degeneration {unknown}
 m - a potion of cure mutation {unknown}
 n - 2 potions of ambrosia {unknown}
 p - a potion of lignification {unknown}
Comestibles
 c - 4 meat rations
 l - a slice of pizza


   Skills:
 * Level 4.1 Fighting
 * Level 4.1 Short Blades
 - Level 0.7 Armour
 - Level 2.4 Dodging
 - Level 2.0 Invocations


You had 2 spell levels left.
You didn't know any spells.

Dungeon Overview and Level Annotations

Branches:
Dungeon (2/15)

Altars:
Kikubaaqudgha
Pakellas

Annotations:
D:2 Natasha


Innate Abilities, Weirdness & Mutations

You are small and have problems with some larger weapons.
You are carnivorous and can eat meat at any time.


Message History

Natasha claws you. Natasha closely misses you.
You hit Natasha.
Natasha is heavily wounded.
Natasha barely misses you.
You hit Natasha.
Natasha is severely wounded.
Natasha howls an incantation.
Natasha glows brightly for a moment.
Natasha claws you!
You are too injured to fight recklessly!
You are too injured to fight recklessly!
You are too injured to fight recklessly!
You are too injured to fight recklessly!
You closely miss Natasha.
Natasha is severely wounded.
Natasha claws you.
* * * LOW HITPOINT WARNING * * *
Natasha casts a spell at you. The magic dart hits you!
You die...

# #.....##.########.# #......
#.#........# #.# #######
#.#.#......# ###.#### #.
#......##### #......# #. ###.####
#.#.##.#### #. #.#
#######.#.......# #. #.#
#.....#.#....##.######. ##.#####
#?...h#.##...##.#...... ##..[...#
#.....@.##............. ....###.#
#.....###......(#...... ##...#..#
#..... #.......######.
........######## #.#.###.# #.
##.####....# #.#<.##.# #.
.....##..#.# #.##.##.# #.
......#.##[########.##.##.# #.
......#.##.......##.......######.
.._.....##..##...................


You could see Natasha.

Vanquished Creatures
  2 giant geckos
  2 bat zombies (D:2)
  A giant cockroach (D:1)
  5 goblins
  3 hobgoblins
  2 jackals (D:2)
  2 quokkas (D:2)
  A ball python (D:1)
  4 bats (D:1)
  2 giant newts (D:2)
  5 kobolds
  9 rats
38 creatures vanquished.

Notes
Turn   | Place    | Note
--------------------------------------------------------------
     0 | Abyss:1  | MrRokkomies the Kobold Abyssal Knight began the quest for the Orb.
     0 | Abyss:1  | Reached XP level 1. HP: 14/14 MP: 2/2
    40 | Abyss:1  | Noticed a chaos spawn
    91 | Abyss:1  | Noticed a large abomination
    97 | Abyss:1  | Noticed a small abomination
   100 | D:1      | Escaped the Abyss
   214 | D:1      | Reached XP level 2. HP: 18/19 MP: 3/3
   247 | D:1      | Reached * piety under Lugonu
   975 | D:1      | Reached XP level 3. HP: 24/24 MP: 4/4
  1242 | D:2      | Found an oddly glowing altar of Pakellas.
  1489 | D:2      | Reached ** piety under Lugonu
  1521 | D:2      | Found an ancient bone altar of Kikubaaqudgha.
  1740 | D:2      | Noticed Natasha
  1751 | D:2      | Killed from afar by Natasha

Vault maps used:
D:1:      arrival_zaba_pyramid
D:2:      old_standard_altar, lemuel_zombie_altar_kikubaaqudgha, uniq_natasha

Skill      XL: |  1  2  3 |
---------------+----------+-----
Short Blades   | 3 4 |  4.1
Fighting       | 4 |  4.1
Armour         | |  0.7
Dodging        | |  2.4
Invocations    | |  2.0

Action                   || total
-------------------------++-------
Melee: Short sword       ||   118
Invok: Depart the Abyss  ||     1
  Eat: Chunk             ||     3
